cohdb
Replays
Latest Replays
All Replays
Popular Replays
Top Player Replays
Match Explorer
How It Works
Community
CoH3 Stats
Reddit
Sign in to upload your games and track your stats! →
Sign in with Steam
Match 45603304
Unlisted
Match 45603304
Overview
Messages
Build Orders
End
Construct Infanterie Kompanie
Kettenkrad Recon Vehicle
MG 42 Machine Gun Team
Grenadier Squad
Grenadier Squad
Selects Breakthrough Battlegroup
Selects Assault Grenadiers
Grenadier Squad
Construct Panzergrenadier Kompanie
MG 42 Machine Gun Team
Infanterie Officer Quarters
Selects Breakthrough
Selects Smoke Bombing Run
251 Medium Carrier
Pak 40 Anti-tank Gun Team
Selects Incendiary Bombing Run
Selects 2.5-tonne Cargo Truck
2.5-tonne Cargo Truck
Construct Panzer Kompanie
Panzer IV Medium Tank
Selects Blitzkrieg
Panzer IV Medium Tank
【PZV】幸运的雪风酱Ciallo~(∠・ω< )⌒★
孤独剑豪
琥珀豆皮小姐
GruZ
gorcky17
Malcontent 鬼
0
0
Comments
sign in to comment!
No comments posted yet!